 Dungeon Crawl Stone Soup version 0.29-a0-375-g5102b3be25 (webtiles) character file.

Game seed: 3319199010894469503

3081 domi the Grave Robber (level 9, -8/57 HPs)
             Began as a Demonspawn Hedge Wizard on May 3, 2022.
             Was an Initiate of Gozag.
             Killed from afar by a gargoyle (19 damage)
             ... with a stone arrow
             ... in a bailey.
             The game lasted 00:16:17 (7721 turns).

domi the Grave Robber (Demonspawn Hedge Wizard)     Turns: 7721, Time: 00:16:18

Health: -8/57      AC:  6    Str: 11    XL:     9   Next: 58%
Magic:  16/16      EV: 12    Int: 27    God:    Gozag
Gold:   644        SH:  4    Dex: 13    Spells: 0/18 levels left

rFire   . . .      SeeInvis .   o - +12 hunting sling "Niteoq" {vorpal, rC+ Int+4}
rCold   + . .      Faith    .   (no shield)
rNeg    . . .      Spirit   .   w - +2 robe {Will+}
rPois   +          Reflect  .   c - +0 hat
rElec   .          Harm     .   (no cloak)
rCorr   .          Rampage  .   (no gloves)
Will    +....                   t - +1 pair of boots
Stlth   ++........              (no amulet)
HPRegen 0.19/turn               y - ring of poison resistance {rPois}
MPRegen 0.15/turn               (no ring)

@: mighty, unable to read
A: spiny 2, big brain 2, condensation shield, inability to read while threatened
a: Renounce Religion, Potion Petition, Call Merchant, Bribe Branch


You were in a bailey.
You worshipped Gozag.
Gozag was pleased with you.
You visited 2 branches of the dungeon, and saw 10 of its levels.
You also visited: Bailey.

You collected 755 gold pieces.
You spent 28 gold pieces at shops.
You paid 83 gold pieces to Gozag.

Inventory:

Hand Weapons
 a - a +0 dagger
 e - a +0 hunting sling
   (You took it off a hobgoblin on level 1 of the Dungeon)
 h - a +2 hand axe of venom
   (You found it on level 1 of the Dungeon)
 o - the +12 hunting sling "Niteoq" (weapon) {vorpal, rC+ Int+4}
   (You found it on level 2 of the Dungeon)

   Any ammunition fired from it inflicts extra damage upon your enemies.
   Int:       It affects your intelligence (+4).
   rC:        It protects you from cold.
Missiles
 g - 231 stones
 m - 5 javelins
Armour
 b - a +0 robe
 c - a +0 hat (worn)
 t - a +1 pair of boots (worn)
   (You found it on level 3 of the Dungeon)
 w - a +2 robe of willpower (worn)
   (You took it off Jessica on level 3 of the Dungeon)
Jewellery
 q - a ring of willpower
   (You found it on level 8 of the Dungeon)
 y - a ring of poison resistance (left hand) {rPois}
   (You found it on level 4 of the Dungeon)
Wands
 p - a wand of charming (11)
   (You found it on level 2 of the Dungeon)
Scrolls
 i - a scroll of magic mapping {!r}
 j - 3 scrolls of amnesia
 k - 6 scrolls of teleportation {@r4}
 n - 3 scrolls of enchant weapon
 s - 6 scrolls of identify {@r1}
Potions
 d - a potion of magic
 f - 2 potions of attraction {!q}
 l - a potion of haste {unknown}
 r - a potion of degeneration {unknown}
 u - a potion of lignification {unknown}
 v - a potion of flight {unknown}
 x - a potion of brilliance {unknown}
 A - 2 potions of might
 B - 3 potions of resistance {unknown}
 E - a potion of ambrosia {unknown}


   Skills:
 - Level 1.7 Dodging
 - Level 1.7 Stealth
 - Level 5.0 Spellcasting
 - Level 5.0 Conjurations
 - Level 5.0 Summonings
 + Level 7.9 Necromancy
 - Level 0.8 Translocations
 - Level 5.0 Air Magic
 - Level 5.0 Poison Magic


You couldn't memorise any spells.
You knew the following spells:

 Your Spells              Type           Power      Damage    Failure   Level
b - Blink                 Tloc           22%        N/A       8%          2
c - Mephitic Cloud        Conj/Pois/Air  33%        N/A       2%          3
q - Dispel Undead         Necr           49%        3d18      2%          4
x - Call Imp              Summ           33%        N/A       1%          2
z - Magic Dart            Conj           100%       1d8       1%          1
Z - Death Channel         Necr           24%        N/A       41%         6

Your spell library contained the following spells:

 Spells                   Type           Power      Damage    Failure   Level
 Corpse Rot               Necr/Air       82%        N/A       1%          2
 Slow                     Hex            24%        N/A       7%          1
 Conjure Flame            Conj/Fire      20%        6-21      8%          3
 Dispersal                Tloc           5%         N/A       100%        6
 Disjunction              Tloc           5%         N/A       100%        8


Dungeon Overview and Level Annotations

Branches:
Dungeon (9/15)             Temple (1/1) D:6          Bailey (1/1)
   Lair: D:8-11         Orc: D:9-12

Altars:
Ashenzari
Cheibriados
Dithmenos
Elyvilon
Fedhas
Gozag
Kikubaaqudgha
Makhleb
Nemelex Xobeh
Okawaru
Qazlal
Sif Muna
Trog
Uskayaw
Vehumet
Wu Jian
Xom
Yredelemnul
The Shining One
Lugonu

Shops:
D:7 **

Portals:
Abyss: D:3

Annotations:
D:3 2 runed translucent doors
D:4 1 runed translucent door, thiscave3701365's ghost, amateur MiBe
D:6 1 runed translucent door, pigah's ghost, novice OpAE


Innate Abilities, Weirdness & Mutations

You are mostly covered in sharp spines.
You have an extremely huge brain. (Int +4)
A meltable shield of frost defends you. (SH +4)
You sometimes lose the ability to read scrolls when taking damage.


Message History

You see here a +0 spear.
No target in view!
An orc zombie comes into view. It is wielding a +0 spear.
You shoot a sling bullet. The sling bullet hits the orc zombie!
You destroy the orc zombie!
No target in view!
No target in view!
A gargoyle comes into view. It is wielding a +0 flail.
You shoot a sling bullet. The sling bullet hits the gargoyle.
You shoot a sling bullet. The sling bullet hits the gargoyle.
The gargoyle hurls a stone arrow at you.
The stone arrow hits you.
You take 6 damage, and have 51/57 hp.
You can't see any susceptible monsters within range! (Use Z to cast anyway.) Unknown command.
Unknown command.
A beastly little devil appears in a puff of frigid air.
You now have 14/16 mp.
Okay, then.
You shoot a sling bullet.
The sling bullet hits the gargoyle but does no damage.
The gargoyle hurls a stone arrow at you.
The stone arrow hits you!
You take 13 damage, and have 38/57 hp.
MASSIVE DAMAGE!!
You shoot a sling bullet.
The sling bullet completely misses the gargoyle.
Your white imp hits the gargoyle but does no damage.
You shoot a sling bullet.
The sling bullet hits the gargoyle but does no damage.
The gargoyle hurls a stone arrow at you.
The stone arrow misses you.
Your white imp gestures at the gargoyle.
The puff of frost hits the gargoyle but does no damage.
The gargoyle hits you with a +0 flail!!
You feel threatened and lose the ability to read scrolls!
You take 21 damage, and have 18/57 hp.
MASSIVE DAMAGE!!
You feel much better.
Your white imp barely misses the gargoyle.
The gargoyle barely misses you.
You regained 26 hp, and now have 44/57 hp.
Okay, then.
You cannot read scrolls in your current state!
Unknown command.
Okay, then.
Okay, then.
Unknown command.
Fire: o) +12 hunting sling "Niteoq" {vorpal, rC+ Int+4}
Aim: a gargoyle, wielding a +0 flail (lightly damaged, ally target, 80% to hit)
You shoot a sling bullet.
The sling bullet hits the gargoyle but does no damage.
Your white imp closely misses the gargoyle.
The gargoyle hurls a stone arrow at you.
The stone arrow hits you!
Your white imp gestures at the gargoyle.
The puff of frost hits the gargoyle.
You take 16 damage, and have 28/57 hp.
MASSIVE DAMAGE!!
Fire: o) +12 hunting sling "Niteoq" {vorpal, rC+ Int+4}
Aim: a gargoyle, wielding a +0 flail (moderately damaged, ally target, 80% to hit)
You shoot a sling bullet.
The sling bullet hits the gargoyle but does no damage.
The gargoyle hits you with a +0 flail!
* * * LOW HITPOINT WARNING * * *
Your white imp gestures at the gargoyle.
The puff of frost hits the gargoyle.
The gargoyle is struck by your spines. The gargoyle hits you with a +0 flail.
* * * LOW HITPOINT WARNING * * *
You take 15 damage, and have 13/57 hp.
MASSIVE DAMAGE!!
Your white imp gestures at the gargoyle.
The puff of frost hits the gargoyle but does no damage.
The gargoyle hits your white imp with a +0 flail.
It was a potion of might.
You feel very mighty all of a sudden.
Your white imp gestures at the gargoyle.
The puff of frost misses the gargoyle.
The gargoyle hits your white imp with a +0 flail!!
Your white imp dies!
Your white imp disappears in a puff of smoke!
Fire: o) +12 hunting sling "Niteoq" {vorpal, rC+ Int+4}
Aim: a gargoyle, wielding a +0 flail (heavily damaged, unaware, hasn't noticed you, 80% to hit)
You shoot a sling bullet.
The sling bullet hits the gargoyle but does no damage.
MP restored: 16 Fire: o) +12 hunting sling "Niteoq" {vorpal, rC+ Int+4}
Aim: a gargoyle, wielding a +0 flail (heavily damaged, 80% to hit)
You shoot a sling bullet. The sling bullet hits the gargoyle.
The gargoyle barely misses you. The gargoyle is struck by your spines.
The gargoyle hits you with a +0 flail.
* * * LOW HITPOINT WARNING * * *
You take 2 damage, and have 11/57 hp.
Fire: o) +12 hunting sling "Niteoq" {vorpal, rC+ Int+4}
Aim: a gargoyle, wielding a +0 flail (almost destroyed, 80% to hit)
You shoot a sling bullet. The sling bullet hits the gargoyle.
The gargoyle hurls a stone arrow at you.
The stone arrow hits you!!
You die...
Your body crumbles into a pile of gold.

### ####..# ..#
####..8#..#
..#+##.......#..+
........♣.♣..#..+
.....♣♣...♣..#..#
.............#..##
.............#.$.##
............##..9.###
..♣........##...@..8#
........))##...##...#
.....♣.....#....##..#
...♣.......##....#..#
..♣.........##...# .#
.....######......# .#
..... #......# # ....
#.....8# .. #++#####


You could see a gargoyle.

Vanquished Creatures
  Sigmund (D:3)
  A wraith (D:9)
  Menkaure (D:5)
  Edmund (D:5)
  A water moccasin (D:7)
  2 orc warriors
  Pargi (D:5)
  A sky beast (D:7)
  A black bear (D:7)
  An ogre (D:4)
  2 centaurs
  A phantom (D:6)
  2 kobold brigands (D:8)
  3 bullfrogs
  A scorpion (D:6)
  4 wights (D:8)
  A water moccasin skeleton (D:5)
  3 howler monkeys (D:6)
  5 hounds
  2 bullfrog zombies (D:5)
  A jelly (D:5)
  2 bullfrog skeletons (D:5)
  A gnoll shaman (D:6)
  3 orc priests
  A centaur skeleton (D:5)
  Jessica (D:3)
  3 iguanas
  An orc wizard (D:8)
  9 gnolls
  4 adders
  A shadow imp (D:8)
  A white imp (D:7)
  2 ufetubi
  An adder zombie (D:5)
  2 dart slugs
  14 orcs
  6 ball pythons
  3 endoplasms
  5 giant cockroaches
  4 goblins
  9 hobgoblins
  11 jackals
  4 quokkas
  7 bats
  5 frilled lizards
  11 kobolds
  7 orc zombies (Bailey)
  5 rats
  A bush (D:6)
160 creatures vanquished.

Vanquished Creatures (collateral kills)
  A centaur zombie (D:5)
  A centaur skeleton (D:5)
2 creatures vanquished.

Vanquished Creatures (others)
  28 fungi (D:5)
  2 withered plants (D:5)
30 creatures vanquished.

Grand Total: 192 creatures vanquished

Notes
Turn   | Place    | Note
-------+----------+-------------------------------------------
     0 | D:1      | domi the Demonspawn Hedge Wizard began the quest for the
                  | Orb.
     0 | D:1      | Reached XP level 1. HP: 13/13 MP: 4/4
   185 | D:1      | Reached skill level 2 in Conjurations
   260 | D:1      | Gained mutation: You are partially covered in sharp spines.
                  | [demonic ancestry]
   260 | D:1      | Reached XP level 2. HP: 16/19 MP: 0/6
   819 | D:1      | Reached skill level 3 in Conjurations
   853 | D:1      | Reached XP level 3. HP: 24/24 MP: 7/7
   888 | D:1      | Found a faded altar of an unknown god.
  1170 | D:2      | Identified the +12 hunting sling "Niteoq" {vorpal, rC+
                  | Int+4}
  1448 | D:2      | Reached skill level 4 in Conjurations
  1448 | D:2      | Reached XP level 4. HP: 30/30 MP: 8/8
  1748 | D:3      | Noticed Sigmund
  1751 | D:3      | Killed Sigmund
  1752 | D:3      | Reached skill level 5 in Conjurations
  1752 | D:3      | Reached skill level 3 in Summonings
  1752 | D:3      | Gained mutation: You are mostly covered in sharp spines.
                  | [demonic ancestry]
  1752 | D:3      | Reached XP level 5. HP: 35/35 MP: 9/9
  1755 | D:3      | Learned a level 2 spell: Call Imp
  1758 | D:3      | Learned a level 2 spell: Blink
  1762 | D:3      | Learned a level 3 spell: Mephitic Cloud
  1938 | D:3      | Found a large runed translucent door.
  1938 | D:3      | Found a large runed translucent door.
  1938 | D:3      | Found a corrupted altar of Lugonu.
  1982 | D:3      | Found a one-way gate to the infinite horrors of the Abyss.
  2037 | D:3      | Noticed Jessica
  2039 | D:3      | Killed Jessica
  2122 | D:3      | Noticed Pargi
  2130 | D:3      | HP: 6/35 [Pargi (4)]
  2662 | D:4      | Gained mutation: A meltable shield of frost defends you.
                  | (SH +4) [demonic ancestry]
  2662 | D:4      | Reached XP level 6. HP: 41/41 MP: 10/10
  2773 | D:4      | Found a runed translucent door.
  2775 | D:4      | Noticed thiscave3701365's ghost (amateur MiBe)
  2987 | D:4      | Reached skill level 4 in Summonings
  3462 | D:4      | Found an iron altar of Okawaru.
  3471 | D:4      | Found a bloodstained altar of Trog.
  3546 | D:5      | Entered Level 5 of the Dungeon
  3556 | D:5      | HP: 2/41 [orc priest/divine providence (13)]
  3557 | D:5      | Gained mutation: You do not regenerate when monsters are
                  | visible. [potion of mutation]
  3557 | D:5      | Gained mutation: Your body sometimes deteriorates upon
                  | taking damage. [potion of mutation]
  3563 | D:5      | Reached skill level 5 in Summonings
  3565 | D:5      | Reached skill level 1 in Poison Magic
  3568 | D:5      | Reached skill level 1 in Air Magic
  3568 | D:5      | Gained mutation: You have an unusually large brain. (Int
                  | +2) [demonic ancestry]
  3568 | D:5      | Reached XP level 7. HP: 29/46 MP: 11/11
  3574 | D:5      | Lost mutation: Your body sometimes deteriorates upon taking
                  | damage. [potion of mutation]
  3574 | D:5      | Lost mutation: You do not regenerate when monsters are
                  | visible. [potion of mutation]
  3574 | D:5      | Gained mutation: You sometimes lose the ability to read
                  | scrolls when taking damage. [potion of mutation]
  3627 | D:5      | Noticed Edmund
  3635 | D:5      | Killed Edmund
  3636 | D:5      | Reached skill level 2 in Air Magic
  3636 | D:5      | Reached skill level 2 in Poison Magic
  3842 | D:5      | Found a stormy altar of Qazlal.
  3867 | D:5      | Reached skill level 3 in Poison Magic
  3873 | D:5      | Reached skill level 3 in Air Magic
  3906 | D:5      | Killed Pargi
  3907 | D:5      | Gained mutation: You have an extremely huge brain. (Int +4)
                  | [demonic ancestry]
  3907 | D:5      | Reached XP level 8. HP: 32/52 MP: 12/12
  4210 | D:5      | Reached skill level 4 in Poison Magic
  4242 | D:5      | Found a sparkling altar of Nemelex Xobeh.
  4283 | D:5      | Noticed Menkaure
  4288 | D:5      | Killed Menkaure
  4289 | D:5      | Reached skill level 4 in Air Magic
  4566 | D:6      | Found a staircase to the Ecumenical Temple.
  4593 | D:6      | Reached skill level 5 in Poison Magic
  4607 | Temple   | Entered the Ecumenical Temple
  4742 | Temple   | Became a worshipper of Gozag Ym Sagoz the Greedy
  4798 | D:6      | Found a hide-covered altar of Uskayaw.
  4836 | D:6      | Found a blossoming altar of Fedhas.
  4875 | D:6      | Reached skill level 5 in Air Magic
  4895 | D:6      | Reached skill level 4 in Spellcasting
  5102 | D:6      | Found a runed translucent door.
  5103 | D:6      | Found a shimmering altar of Xom.
  5137 | D:6      | Noticed pigah's ghost (novice OpAE)
  5360 | D:7      | Learned a level 4 spell: Dispel Undead
  5367 | D:7      | Reached skill level 5 in Spellcasting
  5367 | D:7      | Reached skill level 1 in Necromancy
  5376 | D:7      | Reached skill level 2 in Necromancy
  5383 | D:7      | Reached skill level 3 in Necromancy
  5383 | D:7      | Reached XP level 9. HP: 25/57 MP: 16/16
  5595 | D:7      | Learned a level 6 spell: Death Channel
  5653 | D:6      | Reached skill level 4 in Necromancy
  6025 | D:7      | Found a snail-covered altar of Cheibriados.
  6132 | D:7      | Found Kashriu's Specific Store.
  6142 | D:7      | Found Rifey's General Store.
  6145 | D:7      | Bought a scroll of identify for 28 gold pieces
  6400 | D:8      | Reached skill level 5 in Necromancy
  6546 | D:8      | Reached skill level 6 in Necromancy
  6691 | D:8      | Found a broken altar of Ashenzari.
  7444 | D:9      | Reached skill level 7 in Necromancy
  7568 | D:9      | Found a flagged portal.
  7577 | Bailey   | Entered a bailey
  7707 | Bailey   | Noticed a gargoyle
  7716 | Bailey   | HP: 13/57 [gargoyle/+0 flail (4)]
  7721 | Bailey   | Killed from afar by a gargoyle

Illustrated notes

Levels and vault maps discovered:
D:1:      lightli_arrival_lavapool, layout_loops_ring,
          shapermc_ecumenical_altar_mp_vishouse
D:2:      layout_rooms, minmay_liquid_box
D:3:      due_chaos_kobolds, layout_loops_cross, minmay_stone_trees_medium,
          uniq_pargi, uniq_jessica, uniq_sigmund
D:4:      layout_loops_corners, grunt_temple_overflow_diamond,
          ebering_ghost_sewer_d, hex_tiny
D:5:      layout_loops_ring, mainiacjoe_overflow_cross_hatched,
          mainiacjoe_overflow_tiny_flanked, serial_undead, serial_undead_a,
          serial_undead_f, serial_undead_c, serial_undead_c, uniq_edmund,
          uniq_menkaure
D:6:      layout_loops_ring, mainiacjoe_overflow_alcove_1,
          fedhas_ov_isle_minmay, nicolae_uskayaw_dance_hall, temple_fountains,
          ebering_ghost_reflecting_pool, kb_lookout_dungeons_type
D:7:      layout_rooms, mainiacjoe_overflow_boulevard, nicolae_specific_store
D:8:      layout_basic, nicolae_overflow_crystal_walls
D:9:      layout_irregular_city, lemuel_crystal_altar, lemuel_doored_altar,
          enter_bailey_2, gammafunk_ghost_necromancy, minmay_misc_feat_alley,
          chequers_garden
Temple:   nicolae_temple_figure_zero
Bailey:   bailey_polearm_vampire_castle_hellmonk, bailey

Skill      XL: |  1  2  3  4  5  6  7  8  9 |
---------------+----------------------------+-----
Conjurations   | 2 3 4 5 |  5.0
Summonings     | 3 5 |  5.0
Poison Magic   | 1 3 5 |  5.0
Air Magic      | 1 3 5 |  5.0
Spellcasting   | 5 |  5.0
Necromancy     | 3 7 |  7.9
Dodging        | |  1.7
Stealth        | |  1.7
Translocations | |  0.8

Action                   |  1- 3 |  4- 6 |  7- 9 || total
-------------------------+-------+-------+-------++-------
Melee: Hand axe          |    41 |       |       ||    41
       Dagger            |     4 |       |       ||     4
 Fire: Hunting sling     |    21 |    68 |   249 ||   338
 Cast: Magic Dart        |    19 |       |     4 ||    23
       Call Imp          |       |     2 |     1 ||     3
       Mephitic Cloud    |       |       |     3 ||     3
       Dispel Undead     |       |       |     2 ||     2
  Use: Potion            |       |     3 |     3 ||     6
       Scroll            |       |       |    11 ||    11
 Stab: Sleeping          |     2 |       |       ||     2
Armor: Robe              |     6 |    13 |    19 ||    38
Dodge: Dodged            |    34 |    39 |    59 ||   132
Block: Other             |       |     6 |    24 ||    30

Table legend: (Time is in decaauts)
 A = Elapsed time spent in this place.
 B = Non-inter-level travel time spent in this place.
 C = Inter-level travel time spent in this place.
 D = Time resting spent in this place.
 E = Time spent auto-exploring this place.
 F = Levels seen in this place.
 G = Mean time per level.
                   A        B        C        D        E       F      G
               +--------+--------+--------+--------+--------+-----+--------+
         Total |   7906 |   7472 |    434 |   1129 |   5195 |  11 |  718.7 |
       Dungeon |   7605 |   7184 |    421 |   1062 |   5044 |   9 |  845.0 |
        Temple |    148 |    135 |     13 |      0 |    116 |   1 |  148.0 |
        Bailey |    152 |    152 |      0 |     67 |     35 |   1 |  152.0 |
               +--------+--------+--------+--------+--------+-----+--------+

Top non-repeatable levels by time:
     D:1: 1174 daAuts
     D:8: 1106 daAuts
     D:5: 1106 daAuts
     D:3: 1020 daAuts
     D:4: 963 daAuts
     D:6: 874 daAuts
     D:7: 707 daAuts
     D:2: 480 daAuts
     D:9: 171 daAuts
  Bailey: 152 daAuts
  Temple: 148 daAuts

Table legend:
 A = Kills in this place as a percentage of kills in entire the game.
 B = Kills by you in this place as a percentage of kills by you in the entire game.
 C = Kills by friends in this place as a percentage of kills by friends in the entire game.
 D = Other kills in this place as a percentage of other kills in the entire game.
 E = Experience gained in this place as a percentage of experience gained in the entire game.
 F = Experience gained in this place divided by the number of levels of this place that you have seen.
                   A       B       C       D       E      F
               +-------+-------+-------+-------+-------+----------------------
         Total | 100.0 | 100.0 | 100.0 |   N/A | 100.0 | 400.2
       Dungeon |  95.7 |  95.6 | 100.0 |   N/A |  99.6 | 487.1
        Bailey |   4.3 |   4.4 |   0.0 |   N/A |   0.4 |  18.0
               +-------+-------+-------+-------+-------+----------------------
